Map: [ESL] Ancient Cistern

Players

Nice

  • Race: Protoss Protoss

Harstem - Winner!

  • Race: Protoss Protoss
  • League: Master

Event: IEM Katowice 2023

VOD

Have the link to the VOD?

Description

Time

  • Played on: Feb. 8, 2023, 6:13 a.m.
  • Length: 14:22

All games in this series

Show
View Real Time Build Order
Export as new Build Order

Nice Protoss 

Build Orders:  

Get SALT Encoding   

  12  0:00  Probe  
  13  0:12  Probe  
  14  0:18  Pylon  
  14  0:24  Probe (Chrono Boost)  
  15  0:37  Gateway  
  15  0:38  Probe (Chrono Boost)  
  16  0:44  Probe (Chrono Boost)  
  16  0:46  Assimilator  
  17  0:52  Probe (Chrono Boost)  
  17  0:54  Assimilator  
  18  1:04  Probe (Chrono Boost)  
  18  1:07  Gateway  
  19  1:13  Probe (Chrono Boost)  
  20  1:18  Probe  
  20  1:24  Cybernetics Core  
  21  1:30  Probe  
  22  1:36  Pylon  
  22  1:42  Probe  
  23  1:55  Probe  
  23  1:58  Pylon  
  23  1:59  Sentry (Chrono Boost)  
  28  2:01  Warp Gate (Chrono Boost)  
  28  2:07  Probe, Stalker (Chrono Boost)  
  29  2:17  Stalker (Chrono Boost)  
  29  2:19  Probe  
  32  2:30  Stalker  
  32  2:31  Probe  
  35  2:49  Nexus  
  35  2:51  Probe  
  35  2:57  Pylon  
  36  2:59  Sentry  
  36  3:05  Probe  
  39  3:15  Sentry  
  41  3:20  Probe  
  42  3:32  Probe  
  43  3:35  Twilight Council  
  43  3:45  Stalker  
  43  3:48  Stalker  
  47  3:57  Pylon  
  47  4:01  Forge, Probe  
  47  4:02  Probe  
  49  4:10  Blink (Chrono Boost)  
  49  4:12  Stalker  
  49  4:13  Probe  
  52  4:18  Probe  
  52  4:22  Stalker  
  53  4:38  Probe x2 (Chrono Boost)  
  49  4:43  Protoss Ground Weapons Level 1 (Chrono Boost)  
  49  4:47  Probe (Chrono Boost)  
  49  4:49  Probe (Chrono Boost)  
  49  4:52  Probe (Chrono Boost)  
  52  5:00  Probe (Chrono Boost)  
  52  5:04  Probe (Chrono Boost)  
  52  5:05  Robotics Facility  
  55  5:15  Probe x2 (Chrono Boost)  
  55  5:17  Gateway  
  55  5:20  Gateway  
  56  5:23  Probe (Chrono Boost)  
  56  5:24  Probe (Chrono Boost)  
  56  5:25  Assimilator  
  57  5:29  Probe (Chrono Boost)  
  57  5:32  Probe (Chrono Boost)  
  59  5:35  Pylon  
  59  5:41  Probe  
  59  5:42  Probe  
  61  5:44  Stalker x2  
  65  5:52  Observer  
  66  5:58  Nexus  
  66  5:59  Probe x2  
  68  6:08  Stalker  
  68  6:09  Stalker  
  70  6:19  Stalker x2  
  70  6:23  Warp Prism  
  76  6:29  Nexus  
  76  6:34  Pylon  
  76  6:38  Stalker  
  78  6:42  Observer  
  78  6:44  Pylon  
  78  6:53  Stalker x3  
  78  6:54  Pylon  
  84  6:57  Probe x2  
  86  7:09  Probe  
  86  7:14  Pylon  
  87  7:21  Stalker  
  87  7:22  Stalker x3  
  95  7:23  Probe x2 (Chrono Boost)  
  95  7:25  Protoss Ground Weapons Level 2 (Chrono Boost)  
  96  7:35  Charge, Probe x2 (Chrono Boost)  
  98  7:43  Probe x2 (Chrono Boost)  
  101  7:45  Probe (Chrono Boost)  
  101  7:49  Probe  
  102  7:52  Probe  
  102  7:56  Gateway  
  102  7:57  Gateway  
  103  8:01  Gateway  
  103  8:07  Templar Archives  
  103  8:08  Gateway  
  103  8:12  Assimilator  
  103  8:16  Zealot x2  
  107  8:20  Zealot x2  
  107  8:23  Pylon  
  111  8:29  Pylon, Immortal (Chrono Boost)  
  111  8:31  Phoenix  
  115  8:38  Zealot x2  
  115  8:40  Phoenix  
  119  8:48  High Templar  
  119  8:49  High Templar, Pylon  
  119  8:53  Archon  
  119  8:54  Zealot x2  
  127  8:56  Pylon  
  127  8:59  Zealot x3  
  133  9:09  Nexus  
  132  9:19  Zealot x5  
  136  9:35  Zealot x3  
  142  9:41  High Templar x2, Zealot  
  142  9:43  Pylon  
  142  9:45  Archon, Pylon  
  146  10:03  Zealot x6  
  150  10:14  Nexus  
  150  10:15  Probe x3  
  150  10:17  Pylon  
  153  10:22  Robotics Facility, Robotics Bay  
  151  10:33  Protoss Ground Weapons Level 3 (Chrono Boost)  
  143  10:36  Pylon  
  143  10:37  Zealot x7  
  143  10:40  Probe x2  
  159  10:48  Observer  
  160  10:51  Probe  
  160  10:52  Probe x2  
  160  10:56  Zealot  
  159  11:06  Disruptor (Chrono Boost)  
  159  11:08  Disruptor (Chrono Boost)  
  161  11:21  Zealot x6  
  167  11:34  Disruptor (Chrono Boost)  
  167  11:36  Disruptor (Chrono Boost)  
  169  11:46  Probe x4  
  165  11:58  Probe, Stalker x2  
  165  11:59  Stalker x4  
  178  12:01  Disruptor (Chrono Boost)  
  178  12:06  Zealot x2  
  185  12:12  Gravitic Boosters (Chrono Boost), Photon Cannon  
  185  12:14  Shield Battery  
  185  12:16  Pylon  
  185  12:23  Disruptor  
  178  12:32  Zealot x6  
  164  12:52  Zealot x8  
  134  13:02  Observer (Chrono Boost)  
  134  13:04  Disruptor (Chrono Boost)  
  121  13:06  Probe x2  
  121  13:12  Stalker x3  
  100  13:13  Stalker x2  
  100  13:14  Zealot x2  
  100  13:18  Photon Cannon  
  100  13:19  Assimilator  
  104  13:22  Shield Battery  
  104  13:25  Disruptor (Chrono Boost)  
  107  13:29  Probe x2  
  107  13:32  Probe x2  
  111  13:38  Assimilator x2  
  111  13:41  Probe, Disruptor  
  115  13:54  Zealot x4  
  111  14:19  Zealot x5, Stalker x2  
Show
View Real Time Build Order
Export as new Build Order

Harstem Protoss - Winner!

Build Orders: Oracle Opening 

Get SALT Encoding   

  12  0:00  Probe  
  13  0:12  Probe  
  14  0:17  Pylon  
  14  0:24  Probe (Chrono Boost)  
  15  0:36  Gateway, Probe (Chrono Boost)  
  16  0:44  Probe (Chrono Boost)  
  16  0:46  Assimilator  
  17  0:51  Probe  
  17  0:54  Assimilator  
  18  1:03  Probe (Chrono Boost)  
  19  1:08  Gateway  
  20  1:12  Probe (Chrono Boost)  
  20  1:17  Probe (Chrono Boost)  
  20  1:23  Cybernetics Core  
  21  1:29  Probe  
  21  1:32  Pylon  
  22  1:41  Probe  
  23  1:53  Probe  
  24  2:00  Stargate  
  24  2:01  Adept  
  26  2:05  Adept  
  26  2:07  Probe  
  29  2:14  Warp Gate  
  29  2:17  Pylon  
  29  2:24  Probe  
  30  2:41  Oracle (Chrono Boost)  
  30  2:46  Probe  
  34  2:58  Pylon  
  36  3:04  Probe  
  39  3:11  Oracle (Chrono Boost)  
  39  3:19  Nexus, Probe  
  39  3:31  Probe  
  39  3:33  Twilight Council  
  40  3:43  Probe  
  41  3:49  Pylon  
  41  3:55  Probe  
  42  4:02  Stalker x2  
  46  4:07  Blink (Chrono Boost), Probe  
  47  4:19  Probe  
  47  4:21  Pylon  
  46  4:31  Probe  
  46  4:36  Probe, Stalker x2  
  50  4:43  Forge, Probe  
  51  4:49  Assimilator  
  52  4:55  Probe  
  52  4:57  Probe  
  53  5:02  Stalker x2  
  57  5:07  Gateway  
  57  5:08  Probe  
  57  5:09  Probe  
  57  5:12  Protoss Ground Weapons Level 1 (Chrono Boost), Shield Battery  
  59  5:20  Probe  
  60  5:26  Stalker x2  
  60  5:27  Probe  
  65  5:32  Probe  
  66  5:42  Nexus  
  66  5:46  Pylon  
  66  5:47  Probe  
  67  5:50  Probe  
  67  5:53  Sentry  
  67  5:54  Stalker  
  72  6:01  Stalker  
  72  6:03  Probe  
  75  6:05  Gateway  
  75  6:08  Phoenix  
  75  6:10  Probe  
  76  6:12  Pylon  
  76  6:18  Probe  
  77  6:19  Stalker  
  77  6:20  Stalker  
  77  6:24  Robotics Facility  
  81  6:31  Probe  
  81  6:32  Probe  
  83  6:36  Pylon  
  83  6:37  Shield Battery  
  83  6:39  Sentry  
  85  6:40  Pylon  
  85  6:43  Probe  
  85  6:45  Probe  
  85  6:46  Stalker  
  89  6:55  Probe  
  89  6:57  Probe  
  89  7:00  Stalker  
  93  7:04  Protoss Ground Weapons Level 2 (Chrono Boost)  
  94  7:11  Gateway  
  94  7:12  Gateway, Immortal (Chrono Boost)  
  97  7:19  Stalker  
  97  7:21  Shield Battery  
  99  7:23  Pylon  
  99  7:24  Probe  
  99  7:27  Phoenix  
  99  7:28  Probe, Stalker  
  103  7:33  Pylon  
  103  7:37  Shield Battery  
  103  7:41  Immortal (Chrono Boost)  
  107  7:45  Probe  
  107  7:47  Probe  
  107  7:51  Probe  
  110  7:55  Stalker  
  110  7:56  Charge  
  110  7:58  Probe, Phoenix  
  113  8:03  Stalker  
  113  8:04  Probe  
  116  8:07  Assimilator  
  116  8:08  Stalker  
  118  8:13  Photon Cannon  
  118  8:14  Photon Cannon  
  118  8:15  Pylon, Stalker  
  120  8:25  Nexus  
  120  8:30  Pylon, Probe  
  120  8:31  Probe  
  120  8:32  Probe, Observer (Chrono Boost)  
  124  8:39  Stalker x2  
  128  8:46  Gateway  
  128  8:48  Probe  
  129  8:49  Gateway  
  129  8:53  Robotics Bay, Phoenix  
  130  8:57  Gateway  
  130  8:59  Gateway  
  130  9:02  Shield Battery  
  129  9:03  Probe  
  129  9:07  Probe  
  130  9:11  Probe  
  130  9:15  Zealot x3, Probe  
  138  9:20  Probe  
  138  9:21  Pylon  
  139  9:35  Zealot x5  
  149  9:38  Shield Battery  
  149  9:41  Photon Cannon, Disruptor (Chrono Boost)  
  149  9:44  Pylon  
  152  9:46  Zealot x2  
  152  9:51  Shield Battery  
  152  9:52  Pylon, Protoss Ground Weapons Level 3 (Chrono Boost)  
  156  9:54  Stalker  
  158  10:06  Stalker x3  
  162  10:13  Zealot x4  
  168  10:14  Disruptor (Chrono Boost)  
  168  10:16  Probe  
  172  10:23  Pylon  
  172  10:34  Stalker x5  
  182  10:38  Zealot x3  
  188  10:43  Disruptor (Chrono Boost)  
  188  10:46  Stalker x2  
  188  10:49  Pylon  
  195  10:53  Photon Cannon  
  195  10:58  Pylon  
  195  11:01  Probe  
  195  11:02  Dark Shrine  
  196  11:04  Pylon  
  194  11:13  Probe x2  
  194  11:16  Zealot x4  
  200  11:25  Zealot, Nexus  
  200  11:26  Pylon  
  200  11:37  Stalker x7  
  198  11:45  Probe  
  197  11:47  Assimilator  
  197  11:48  Assimilator  
  197  11:49  Photon Cannon  
  197  11:51  Photon Cannon  
  197  11:53  Robotics Facility  
  195  12:05  Photon Cannon  
  195  12:15  Photon Cannon  
  190  12:23  Pylon  
  190  12:24  Shield Battery  
  193  12:35  Zealot x3  
  197  12:49  Dark Templar  
  197  12:50  Zealot x6  
  185  12:58  Zealot x3  
  163  13:01  Probe x2, Observer (Chrono Boost)  
  163  13:02  Probe x2  
  142  13:13  Probe x2  
  142  13:14  Probe x2  
  142  13:15  Probe  
  142  13:16  Robotics Facility  
  142  13:18  Assimilator  
  142  13:19  Assimilator, Photon Cannon  
  147  13:21  Photon Cannon  
  147  13:22  Stalker x7  
  161  13:29  Fleet Beacon  
  161  13:32  Disruptor (Chrono Boost)  
  164  13:42  Stalker x2  
  166  13:53  Stalker x4  
  174  13:57  Probe  
  175  14:12  Zealot x6  
  184  14:18  Zealot x4  

Tags
 
Add a new tag
Caveats
  • Supply blocks, unpowered buildings, or Contaminate may cause inaccurate times.
  • Supply counts are checked every 10 seconds.